 Dungeon Crawl Stone Soup version 0.30-b1-2-g02819fbbbe (webtiles) character file.

Game seed: 9568263200561029603

63 azuma420 the Covered (level 4, -1/29 HPs)
             Began as a Gargoyle Fighter on May 22, 2023.
             Slain by an orc
             ... wielding a +0 trident
              (2 damage)
             ... on level 3 of the Dungeon.
             The game lasted 00:05:30 (407 turns).

azuma420 the Covered (Gargoyle Fighter)              Turns: 407, Time: 00:05:30

Health: -1/29      AC: 10    Str: 21    XL:     4   Next: 9%
Magic:  4/4        EV:  9    Int:  9    God:
Gold:   21         SH:  4    Dex:  9    Spells: 3/3 levels left

rFire   . . .        e - +2 short sword (speed)
rCold   . . .        c - +0 buckler
rNeg    + . .        b - +0 scale mail
rPois   ∞            (helmet restricted)
rElec   +            (no cloak)
rCorr   .            (no gloves)
SInv    .            (no boots)
Will    .....        (no amulet) Stlth
                     (no ring)
HPRegen 0.24/turn    (no ring)
MPRegen 0.09/turn

%: no passive effects
@: no status effects
A: sickness immunity, AC +3, negative energy resistance 1, electricity
resistance, torment resistance 1, petrification resistance, antennae 1, wild
magic 1
a: no special abilities


You were on level 3 of the Dungeon.
You visited 1 branch of the dungeon, and saw 3 of its levels.

You collected 21 gold pieces.

Inventory:

Hand Weapons
 a - a +0 flail
 e - a +2 short sword of speed (weapon)
Armour
 b - a +0 scale mail (worn)
 c - a +0 buckler (worn)
Scrolls
 f - a scroll of fear
 g - a scroll of immolation {unknown}
Potions
 d - a potion of might
 i - a potion of lignification


   Skills:
 + Level 3.8 Fighting
 + Level 0.7 Short Blades
 + Level 2.6 Maces & Flails
 + Level 3.8 Armour
 + Level 0.2 Dodging
 + Level 3.7 Shields


You had 3 spell levels left.
You didn't know any spells.
Your spell library was empty.

Dungeon Overview and Level Annotations

Branches:
Dungeon (3/15)

Altars:


Innate Abilities, Weirdness & Mutations

You are immune to sickness and miasma.
Your stone body is resilient. (AC +3)
You are immune to poison.
You resist negative energy. (rN+)
You are resistant to electric shocks. (rElec)
You are resistant to unholy torment.
You are immune to petrification.
You have a pair of small antennae on your head.
Your spells are a little harder to cast, but a little more powerful.


Message History

The orc hits you but does no damage. The orc barely misses you.
The orc hits you but does no damage. x2
You block the orc's attack. The orc hits you but does no damage.
You cannot move.
The orc barely misses you.
The orc hits you from afar with a +0 trident.
* * * LOW HITPOINT WARNING * * *
The orc hits you but does no damage. x2
The orc hits you but does no damage. x2
The orc hits you but does no damage. x2
You cannot move.
The orc hits you but does no damage. You block the orc's attack.
You cannot move.
Your transformation is almost over.
You block the orc's attack. The orc barely misses you.
You cannot move.
You block the orc's attack. The orc hits you but does no damage.
The orc hits you but does no damage. x2
You block the orc's attack. x2
The orc hits you but does no damage. The orc barely misses you.
You cannot move.
You cannot move.
The orc hits you but does no damage. x2
You cannot move.
The orc hits you from afar with a +0 trident.
* * * LOW HITPOINT WARNING * * *
The orc hits you but does no damage.
The orc hits you from afar with a +0 trident.
* * * LOW HITPOINT WARNING * * *
The orc hits you but does no damage.
You cannot move.
You feel less wooden.
Your +0 scale mail unmelds from your body.
The orc hits you from afar with a +0 trident.
* * * LOW HITPOINT WARNING * * *
The orc hits you but does no damage. The orc closely misses you.
The orc barely misses you. The orc closely misses you.
The orc hits you from afar with a +0 trident.
You die...

###.#.#.# .## ##...##
.# ##.## .# # #.### .#
####. #...# .## .....#
#.#.# ##...#####
###'##+ ##....o)..#
#.....#
......o)@.#######.....#
####.##.........'##'##+
.. #...####.##..#..^..
## ##### #.##..#+###+
#.##..# #..+..+ ####..#
#..# #..#


You could see 2 orcs.

Vanquished Creatures
  An orc priest (D:3)
  An adder (D:3)
  A worm (D:2)
  A dart slug (D:1)
  2 orcs (D:3)
  A ball python (D:3)
  3 bats
  2 endoplasms (D:1)
  2 hobgoblins (D:1)
  A kobold (D:1)
  3 rats (D:1)
18 creatures vanquished.

Notes
Turn   | Place    | Note
-------+----------+-------------------------------------------
     0 | D:1      | azuma420 the Gargoyle Fighter began the quest for the Orb.
     0 | D:1      | Reached XP level 1. HP: 14/14 MP: 1/1
    67 | D:1      | Reached XP level 2. HP: 19/19 MP: 2/2
   203 | D:2      | Gained mutation: You have a pair of small antennae on your
                  | head. [potion of mutation]
   203 | D:2      | Gained mutation: Your spells are a little harder to cast,
                  | but a little more powerful. [potion of mutation]
   269 | D:3      | Reached XP level 3. HP: 23/23 MP: 3/3
   367 | D:3      | Reached XP level 4. HP: 17/29 MP: 4/4
   405 | D:3      | HP: 1/29 [orc/+0 trident (2)]
   407 | D:3      | Slain by an orc

Illustrated notes

Levels and vault maps discovered:
D:1:      roderic_dead_forest, layout_basic
D:2:      layout_loops_ring, minmay_misc_feat_rugged, uniq_jessica
D:3:      layout_loops_corners, mainiacjoe_overflow_24_doors,
          kennysheep_decorative_pillar, corexii_corridor_pit

Action                     |  1- 3 |  4- 6 || total
---------------------------+-------+-------++-------
  Melee: Flail             |    39 |       ||    39
         Short sword       |    39 |    12 ||    51
    Use: Scroll            |     4 |       ||     4
         Potion            |     1 |     2 ||     3
 Armour: Scale mail        |    62 |     9 ||    71
         Skin              |       |    27 ||    27
  Dodge: Dodged            |    48 |    21 ||    69
  Block: Buckler           |    19 |    13 ||    32
